 Dungeon Crawl Stone Soup version 0.28-a0-919-g0b5b508569 (webtiles) character file.

Game seed: 12398332560990413187

60767 SmokeWeed the Carver (level 14, -16/101 (111) HPs)
             Began as a Demonspawn Gladiator on Nov 25, 2021.
             Was a High Priest of Wu Jian.
             Demolished by Rupert (29 damage)
             ... on level 15 of the Dungeon.
             The game lasted 01:31:48 (21729 turns).

SmokeWeed the Carver (Demonspawn Gladiator)        Turns: 21729, Time: 01:31:48

HP:   -16/101 (111) AC: 13    Str: 23    XL:     14   Next: 58%
MP:   19/19         EV: 14    Int: 12    God:    Wu Jian [*****.]
Gold: 1640          SH:  0    Dex: 22    Spells: 17/20 levels left

rFire   . . .      SeeInvis +   a - +1 long sword
rCold   + . .      Faith    .   M - +0 kite shield of Liberty {+Inv Will+ Regen+ Dex+2}
rNeg    . . .      Spirit   .   S - +0 scale mail of the Equinox {rPois rC++ Regen+ Int-2}
rPois   +          Reflect  +   c - +0 helmet
rElec   .          Harm     .   b - +1 cloak of Tartarus {rC- rCorr Int+2 SInv}
rCorr   +          Rampage  .   n - +0 pair of gloves
Will    +++..                   (no boots)
Stlth   ..........              i - amulet of reflection
HPRegen 1.86/turn               j - ring of Atheism {Will+ rCorr Str+3}
MPRegen 0.16/turn               l - +6 ring of dexterity

@: confused, exhausted, ambrosia-drunk, drained
A: spiny 3, big brain 1, demonic magic 1, weakness stinger 2
a: Renounce Religion, Evoke Invisibility, Wall Jump, Serpent's Lash, Heavenly
Storm


You were on level 15 of the Dungeon.
You worshipped Wu Jian.
Wu Jian was extremely pleased with you.
You visited 3 branches of the dungeon, and saw 21 of its levels.

You collected 2358 gold pieces.
You spent 718 gold pieces at shops.

Inventory:

Hand Weapons
 a - a +1 long sword (weapon)
 I - the +7 hunting sling of Somewhere Else {freeze, Dex+4}
   (You found it on level 9 of the Dungeon)

   Any ammunition fired from it freezes those it strikes, dealing additional
   cold damage.
   It can also slow down cold-blooded creatures.
   Dex:       It affects your dexterity (+4).
Missiles
 e - a curare-tipped dart
 p - 779 stones
 F - 4 atropa-tipped darts (quivered)
 H - 32 poisoned darts
 N - a throwing net
 Q - 55 sling bullets
 U - 2 boomerangs
 Y - 146 arrows
Armour
 b - the +1 cloak of Tartarus (worn) {rC- rCorr Int+2 SInv}
   (You bought it in a shop on level 8 of the Dungeon)

   Int:       It affects your intelligence (+2).
   rC:        It makes you vulnerable to cold.
   SInv:      It lets you see invisible.
   rCorr:     It protects you from acid and corrosion.
 c - a +0 helmet (worn)
 n - a +0 pair of gloves (worn)
 o - a +0 plate armour
 M - the +0 kite shield of Liberty (worn) {+Inv Will+ Regen+ Dex+2}
   (You found it on level 4 of the Lair of Beasts)

   Dex:       It affects your dexterity (+2).
   +Inv:      It lets you turn invisible.
   Regen:     It increases your rate of health regeneration.
   Will:      It increases your willpower.
 S - the +0 scale mail of the Equinox (worn) {rPois rC++ Regen+ Int-2}
   (You found it on level 1 of the Lair of Beasts)

   Int:       It affects your intelligence (-2).
   rC:        It greatly protects you from cold.
   rPois:     It protects you from poison.
   Regen:     It increases your rate of health regeneration.
 V - a +1 kite shield of reflection
Jewellery
 i - an amulet of reflection (around neck)
 j - the ring of Atheism (left hand) {Will+ rCorr Str+3}
   (You bought it in a shop on level 4 of the Dungeon)

   [ring of resist corrosion]

   Str:       It affects your strength (+3).
   rCorr:     It protects you from acid and corrosion.
   Will:      It increases your willpower.
 l - a +6 ring of dexterity (right hand)
 t - a ring of flight
 v - an amulet of guardian spirit
 A - a +4 ring of evasion
 B - a ring of see invisible
 C - a ring of resist corrosion
 L - an amulet of regeneration
 O - an amulet of the acrobat
Wands
 d - a wand of polymorph (6)
 f - a wand of flame (30)
 h - a wand of mindburst (20)
 s - a wand of acid (6)
 G - a wand of paralysis (7)
 P - a wand of iceblast (11)
 R - a wand of digging (7)
Scrolls
 g - 10 scrolls of amnesia
 m - a scroll of fog
 y - 5 scrolls of enchant weapon
 D - a scroll of summoning {unknown}
 E - 5 scrolls of identify
 T - 2 scrolls of silence
Potions
 k - 4 potions of curing
 q - a potion of cancellation
 r - a potion of berserk rage
 u - 2 potions of might
 x - 3 potions of lignification
 z - 4 potions of mutation
 W - 3 potions of heal wounds


   Skills:
 * Level 10.7 Fighting
 + Level 11.5 Long Blades
 * Level 8.1(8.5) Slings
 + Level 3.5(6.3) Throwing
 + Level 8.0 Armour
 + Level 6.8 Dodging
 + Level 4.1 Stealth
 + Level 10.1 Shields
 + Level 3.5 Spellcasting
 + Level 4.0 Summonings
 + Level 7.3 Evocations


You had 17 spell levels left.
You knew the following spells:

 Your Spells              Type           Power      Damage    Failure   Level
a - Call Canine Familiar  Summ           11%        N/A       50%         3

Your spell library contained the following spells:

 Spells                   Type           Power      Damage    Failure   Level
 Apportation              Tloc           4%         N/A       69%         1
 Ensorcelled Hibernation  Hex/Ice        4%         N/A       83%         2
 Ignite Poison            Fire/Tmut/Pois 2%         N/A       96%         3
 Inner Flame              Hex/Fire       2%         N/A       96%         3
 Portal Projectile        Hex/Tloc       4%         N/A       96%         3
 Spider Form              Tmut/Pois      2%         N/A       96%         3
 Summon Lightning Spire   Summ/Air       6%         N/A       99%         4
 Airstrike                Air            1%         N/A       100%        4
 Flame Wave               Conj/Fire      2%         3d3       100%        4
 Leda's Liquefaction      Hex/Erth       1%         N/A       100%        4
 Alistair's Intoxication  Tmut/Pois      1%         N/A       100%        5
 Lightning Bolt           Conj/Air       1%         1d12      100%        5
 Storm Form               Tmut/Air       1%         N/A       100%        7
 Maxwell's Capacitive Co  Air            1%         ∞         100%        8


Dungeon Overview and Level Annotations

Branches:
Dungeon (15/15)            Temple (1/1) D:5            Lair (5/6) D:10
 Shoals (0/4) Lair:4       Spider (0/4) Lair:3          Orc (0/2) D:10
 Vaults (0/5) D:13
  Slime: Lair:5-6    Depths: D:15

Altars:
Ashenzari
Cheibriados
Dithmenos
Elyvilon
Fedhas
Gozag
Hepliaklqana
Kikubaaqudgha
Makhleb
Nemelex Xobeh
Okawaru
Qazlal
Ru
Sif Muna
Trog
Uskayaw
Vehumet
Wu Jian
Xom
Yredelemnul
Zin
The Shining One
Lugonu

Shops:
D:4 =   D:8 [

Annotations:
D:15 Rupert
Lair:1 3 runed translucent doors, Jukk's ghost, journeyman DECj
Lair:2 3 runed translucent doors, Zonian's ghost, novice DsGl


Innate Abilities, Weirdness & Mutations

You are completely covered in sharp spines.
You have an unusually large brain. (Int +2)
Spells you cast may paralyse adjacent enemies.
You have a tail ending in a sharp stinger.


Message History

Press: ? - help, Q - select action, (/) - cycle Shift-Dir - straight line, f/p - Rupert
Aim: Rupert, wielding a +1 great mace of protection and wearing a +0 leather armour (lightly wounded, extremely poisoned, slow, 71% to hit)
You throw a curare-tipped dart. The curare-tipped dart hits Rupert.
Rupert looks as sick as possible!
Rupert convulses.
Rupert seems to be slow for longer.
Rupert is moderately wounded.
Your muscles tense, ready for explosive movement...
Aiming: Wall Jump
Press: ? - help, Dir - move target, p - Rupert Throw: 5 darts (atropa)
Press: ? - help, Q - select action, (/) - cycle Shift-Dir - straight line, f/p - Rupert
Aim: Rupert, wielding a +1 great mace of protection and wearing a +0 leather armour (moderately wounded, extremely poisoned, slow, 71% to hit, chance to blind on hit: 0%)
You throw an atropa-tipped dart. The atropa-tipped dart hits Rupert.
Rupert resists.
Rupert is moderately wounded.
You lunge with incredible momentum at Rupert.
You slice Rupert!!
Rupert is heavily wounded.
Your supernatural speed expires.
You barely miss Rupert.
Rupert is heavily wounded.
Rupert roars madly and goes into a rage!
Rupert shakes off his lethargy.
Rupert goes berserk!
You slash Rupert! You tail-slap Rupert, but do no damage.
Rupert is heavily wounded.
Rupert hits you with a +1 great mace of protection!!!
You hit Rupert.
Your tail-slap misses Rupert.
Rupert is heavily wounded.
Rupert is struck by your spines.
Rupert hits you with a +1 great mace of protection!!!
* * * LOW HITPOINT WARNING * * *
You block Rupert's attack. You block Rupert's attack.
Rupert is struck by your spines.
Rupert hits you with a +1 great mace of protection!!
* * * LOW HITPOINT WARNING * * *
You are confused.
You feel invigorated.
Rupert hits you with a +1 great mace of protection!!
You die...

#.#......#... #.#......#...
#.#......#... #.#......#...
#.#......#... #.########...
#............
#.##############.....#######
..(.(((...@@.........#
...(.................#
..(...............<..#####
###################......#
########


You could see Rupert (berserk, very poisoned).

Vanquished Creatures
  A deep elf annihilator (D:11)
  Snorg (D:10)
  3 hydras (D:14)
  Erolcha (D:13)
  A boulder beetle (D:12)
  2 centaur warriors
  5 two-headed ogres
  2 tengu warriors
  Nergalle (D:10)
  A goliath frog (Lair:4)
  2 skeletal warriors (D:15)
  2 wizards
  A harpy (shapeshifter) (D:14)
  Pikel (D:7)
  A deep elf pyromancer (D:14)
  A necromancer (D:13)
  A salamander (shapeshifter) (D:14)
  An orc sorcerer (D:11)
  11 ugly things
  A manticore (D:10)
  6 cyclopes
  9 elephants
  3 black mambas
  A torpor snail (Lair:2)
  4 cane toads
  A rime drake (Lair:5)
  An unseen horror (shapeshifter) (D:15)
  6 komodo dragons
  Psyche (D:8)
  3 tengu conjurers
  6 trolls
  A polar bear (Lair:4)
  A jumping spider (Lair:3)
  17 blink frogs
  2 hornets
  13 slime creatures
  A snapping turtle (Lair:4)
  10 dream sheep
  Sigmund (D:6)
  A centaur simulacrum (D:13)
  A wraith (D:9)
  3 vampires
  A spriggan (Lair:1)
  2 basilisks
  3 wyverns
  A yak (shapeshifter) (D:14)
  28 yaks
  Grum (D:8)
  2 steam dragons
  A harpy simulacrum (D:14)
  16 vampire mosquitoes
  11 water moccasins
  3 acid dragons
  A hornet zombie (D:8)
  An ice beast (D:8)
  4 ogres
  4 orc warriors
  4 boggarts (D:14)
  4 black bears
  A necrophage (D:8)
  38 wolves
  14 centaurs
  A lemure (D:7)
  A phantom (D:5)
  18 bullfrogs
  A gnoll sergeant (D:10)
  4 scorpions
  6 killer bees
  3 howler monkeys
  A wight (D:10)
  An electric eel (D:10)
  A bullfrog zombie (D:6)
  A crimson imp (D:9)
  3 centaur zombies
  3 hounds (D:10)
  4 orc priests
  2 bullfrog skeletons
  2 centaur skeletons
  Jessica (D:2)
  Ijyb (D:3)
  Terence (D:3)
  An iguana (D:6)
  11 orc wizards
  5 hell rats (Lair:2)
  A hound skeleton (D:4)
  Robin (D:2)
  7 gnolls
  6 adders
  2 shadow imps
  2 white imps
  An adder skeleton (D:5)
  2 worms
  2 dart slugs (D:2)
  35 orcs
  9 bats
  4 endoplasms
  3 giant cockroaches
  18 goblins
  5 hobgoblins
  A quokka (D:2)
  7 ball pythons
  3 frilled lizards
  10 kobolds
  6 rats
469 creatures vanquished.

Vanquished Creatures (collateral kills)
  A cane toad (Lair:2)
  2 blink frogs (Lair:2)
  2 yaks (Lair:2)
  A water moccasin (Lair:2)
  A wolf (Lair:1)
7 creatures vanquished.

Vanquished Creatures (others)
  A slime creature (D:14)
  A wyvern (Lair:2)
  A yak (Lair:2)
  An orc warrior (D:10)
  4 wolves (Lair:1)
  A kobold brigand (D:7)
  A goblin (D:2)
  2 kobolds (D:8)
  26 fungi
  20 plants
58 creatures vanquished.

Grand Total: 534 creatures vanquished

Notes
Turn   | Place    | Note
-------+----------+-------------------------------------------
     0 | D:1      | SmokeWeed the Demonspawn Gladiator began the quest for the
                  | Orb.
     0 | D:1      | Reached XP level 1. HP: 16/16 MP: 1/1
   165 | D:1      | Reached skill level 3 in Long Blades
   170 | D:1      | Gained mutation: You are partially covered in sharp spines.
                  | [demonic ancestry]
   170 | D:1      | Reached XP level 2. HP: 17/22 MP: 2/2
   777 | D:2      | Gained mutation: You are mostly covered in sharp spines.
                  | [demonic ancestry]
   777 | D:2      | Reached XP level 3. HP: 27/27 MP: 3/3
   881 | D:2      | Noticed Jessica
   886 | D:2      | Killed Jessica
   887 | D:2      | Reached XP level 4. HP: 30/34 MP: 4/4
  1270 | D:2      | Noticed Robin
  1287 | D:2      | Reached skill level 1 in Armour
  1292 | D:2      | Killed Robin
  1538 | D:3      | Identified a scroll of acquirement
  1538 | D:3      | Acquired 995 gold pieces
  1545 | D:3      | Found a faded altar of an unknown god.
  1564 | D:3      | Found a shimmering blue altar of Sif Muna.
  1597 | D:3      | Noticed Terence
  1605 | D:3      | Killed Terence
  2016 | D:3      | Found a bloodstained altar of Trog.
  2016 | D:3      | Noticed Ijyb
  2037 | D:3      | Killed Ijyb
  2038 | D:3      | Reached skill level 4 in Long Blades
  2038 | D:3      | Reached XP level 5. HP: 39/39 MP: 5/5
  2687 | D:4      | Found Punum's Jewellery Boutique.
  2712 | D:4      | Bought the ring of Atheism {Will+ rCorr Str+3} for 389 gold
                  | pieces
  3002 | D:4      | Found a burning altar of Makhleb.
  3002 | D:4      | Found a hide-covered altar of Uskayaw.
  3034 | D:4      | Reached XP level 6. HP: 46/46 MP: 6/6
  3618 | D:5      | Entered Level 5 of the Dungeon
  3691 | D:5      | Reached skill level 5 in Long Blades
  3691 | D:5      | Reached skill level 1 in Shields
  3822 | D:5      | Reached XP level 7. HP: 12/52 MP: 7/7
  4142 | D:5      | Found a staircase to the Ecumenical Temple.
  4268 | Temple   | Entered the Ecumenical Temple
  4299 | Temple   | Became a worshipper of the Wu Jian Council
  4377 | D:5      | Reached skill level 1 in Stealth
  4754 | D:5      | Reached skill level 6 in Long Blades
  4914 | D:5      | Gained mutation: You have a small tail. [demonic ancestry]
  4914 | D:5      | Reached XP level 8. HP: 56/58 MP: 8/8
  5295 | D:6      | Reached skill level 1 in Evocations
  5347 | D:6      | Learned a level 3 spell: Call Canine Familiar
  5571 | D:6      | Found an opulent altar of Gozag.
  5572 | D:6      | Noticed Sigmund
  5581 | D:6      | Reached skill level 1 in Spellcasting
  5589 | D:6      | Killed Sigmund
  5590 | D:6      | Reached skill level 1 in Summonings
  5599 | D:6      | Reached skill level 7 in Long Blades
  5858 | D:6      | Reached * piety under Wu Jian
  6370 | D:7      | Noticed Pikel
  6381 | D:7      | Killed Pikel
  6382 | D:7      | Reached XP level 9. HP: 65/65 MP: 10/12
  6728 | D:8      | Found Wekkoid's Armour Shoppe.
  6748 | D:8      | Bought the +1 cloak of Tartarus {rC- rCorr Int+2 SInv} for
                  | 329 gold pieces
  6857 | D:8      | Noticed Grum
  7089 | D:8      | Noticed Psyche
  7106 | D:8      | Killed Psyche
  7106 | D:8      | Paralysed by a hornet for 3 turns
  7107 | D:8      | Reached skill level 8 in Long Blades
  7876 | D:8      | Reached ** piety under Wu Jian
  7878 | D:8      | Reached skill level 5 in Armour
  7888 | D:8      | Killed Grum
  7889 | D:8      | Reached XP level 10. HP: 64/73 MP: 15/15
  8337 | D:9      | Reached skill level 5 in Fighting
  8635 | D:9      | Identified the +7 hunting sling of Somewhere Else {freeze,
                  | Dex+4}
  8925 | D:9      | Found a stormy altar of Qazlal.
  8928 | D:9      | Found a blossoming altar of Fedhas.
  9212 | D:9      | Found a sacrificial altar of Ru.
  9616 | D:10     | Entered Level 10 of the Dungeon
  9616 | D:10     | Noticed Nergalle
  9616 | D:10     | Found a staircase to the Orcish Mines.
  9636 | D:10     | Killed Nergalle
  9637 | D:10     | Reached skill level 5 in Shields
  9795 | D:10     | Noticed Snorg
  9810 | D:10     | Killed Snorg
  9811 | D:10     | Reached skill level 1 in Slings
  9997 | D:10     | Found a staircase to the Lair.
 10276 | D:10     | Found an ancient bone altar of Kikubaaqudgha.
 10297 | D:10     | Noticed a cyan ugly thing
 10299 | D:10     | Noticed a manticore
 10300 | D:10     | Noticed a two-headed ogre
 10312 | Lair:1   | Entered Level 1 of the Lair of Beasts
 10383 | Lair:1   | Gained mutation: You have an unusually large brain. (Int
                  | +2) [demonic ancestry]
 10383 | Lair:1   | Reached XP level 11. HP: 64/80 MP: 16/16
 10389 | Lair:1   | Reached *** piety under Wu Jian
 10389 | Lair:1   | Noticed a spriggan rider
 10411 | Lair:1   | Reached skill level 5 in Evocations
 10528 | Lair:2   | Reached skill level 9 in Long Blades
 10877 | Lair:2   | Found a runed translucent gate.
 10878 | Lair:2   | Found a runed translucent gate.
 10879 | Lair:2   | Found a runed translucent gate.
 10879 | Lair:2   | Noticed Zonian's ghost (novice DsGl)
 11280 | Lair:2   | Reached skill level 5 in Dodging
 12638 | Lair:3   | Gained mutation: You are completely covered in sharp
                  | spines. [demonic ancestry]
 12638 | Lair:3   | Reached XP level 12. HP: 87/89 MP: 17/17
 12851 | Lair:3   | Reached **** piety under Wu Jian
 12920 | Lair:3   | Noticed a catoblepas
 13837 | Lair:3   | Reached skill level 10 in Long Blades
 13859 | Lair:3   | Found a hole to the Spider Nest.
 14028 | Lair:3   | Noticed a seven-headed hydra
 14716 | Lair:4   | Noticed a five-headed hydra
 14726 | Lair:4   | a five-headed hydra changed into a goliath frog
 15564 | Lair:4   | Identified the +0 kite shield of Liberty {+Inv Will+ Regen+
                  | Dex+2}
 15720 | Lair:4   | Found a staircase to the Shoals.
 15974 | Lair:5   | Gained mutation: You have a tail ending in a sharp stinger.
                  | [demonic ancestry]
 15974 | Lair:5   | Reached XP level 13. HP: 41/90 MP: 18/18
 16629 | Lair:1   | Identified the +0 scale mail of the Equinox {rPois rC++
                  | Regen+ Int-2}
 16703 | Lair:1   | Found a runed translucent gate.
 16703 | Lair:1   | Found a runed translucent gate.
 16703 | Lair:1   | Found a runed translucent gate.
 16703 | Lair:1   | Noticed Jukk's ghost (journeyman DECj)
 17162 | D:10     | Found a snail-covered altar of Cheibriados.
 17162 | D:10     | Found a sparkling altar of Nemelex Xobeh.
 17162 | D:10     | Found an iron altar of Okawaru.
 17223 | D:10     | Found a shimmering altar of Xom.
 17388 | D:11     | Reached skill level 11 in Long Blades
 17581 | D:11     | Noticed a deep elf annihilator
 17609 | D:11     | Killed a deep elf annihilator
 17806 | D:11     | Got the Catalogue of Ignition
 18377 | D:12     | Reached skill level 5 in Slings
 19277 | D:13     | Noticed Erolcha
 19282 | D:13     | Killed Erolcha
 19569 | D:13     | Reached skill level 10 in Fighting
 19569 | D:13     | Gained mutation: Spells you cast may paralyse adjacent
                  | enemies. [demonic ancestry]
 19569 | D:13     | Reached XP level 14. HP: 93/110 MP: 19/19
 19604 | D:13     | Found a gate to the Vaults.
 20184 | D:15     | Entered Level 15 of the Dungeon
 20392 | D:14     | Reached ***** piety under Wu Jian
 20653 | D:14     | Reached skill level 10 in Shields
 21713 | D:15     | Noticed Rupert
 21729 | D:15     | Demolished by Rupert

Illustrated notes

Levels and vault maps discovered:
D:1:      wander_arrival_chamber, layout_loops_ring,
          chequers_serial_rivers_micro_d, minmay_vboxes
D:2:      layout_basic, uniq_robin, uniq_jessica
D:3:      layout_rooms, tso_altar, led_sif_book,
          mainiacjoe_overflow_six_doors_small, nicolae_ecumenical_oubliette,
          hex_medium, uniq_terence, uniq_ijyb
D:4:      layout_basic, gammafunk_temple_overflow_wave, serial_shops,
          shop_fountains
D:5:      layout_layer_cave, minmay_temple_entry_glass
D:6:      layout_rooms, lemuel_round_altar, uniq_sigmund
D:7:      layout_rooms, uniq_pikel
D:8:      layout_gridville, elyvilon_altar_3, serial_shops,
          nicolae_stop_n_shop_1, enter_bailey_3, minivault_26,
          serial_bayou_pond_b, uniq_psyche, uniq_grum
D:9:      layout_irregular_city, grunt_temple_overflow_forces_of_nature,
          mainiacjoe_overflow_tiny_flanked, kb_lookout_dungeons_type,
          minmay_fire_ice_demons
D:10:     layout_rooms, amcnicky_altar_gilded, xom_confusion_cloud, minitemple,
          erik_lair_island, orc_0_dummy, wad_floor_pattern_2, uniq_snorg,
          uniq_nergalle
D:11:     cheibrodos_wizards_tower, layout_loops_cross, kennysheep_cross_room
D:12:     layout_cave_pools, lemuel_old_faithful
D:13:     layout_long_grid, david_vaults_1, uniq_erolcha
D:14:     layout_basic, chequers_arboretum, minmay_fractal_squares_gapless_7
D:15:     grunt_enter_depths_snipers, layout_irregular_city,
          minmay_misc_feat_nine_boxes, serial_shops, nicolae_diamond_shop,
          uniq_rupert
Temple:   corrupted_temple
Lair:1:   layout_roguey, gammafunk_ghost_necromancy,
          grunt_forest_large_clearings, lemuel_fruit_tree,
          infiniplex_staircase_pool, grunt_megastairs_3
Lair:2:   layout_hall_layers, ebering_ghost_rock_garden, beast_lair_carwin_11,
          grunt_megastairs_1
Lair:3:   layout_cave_pods, spider_nest_entry_rubble
Lair:4:   layout_regular_city, minmay_shoals_entry_hut,
          chequers_serial_rivers_small_b, chequers_serial_rivers_room_a,
          lemuel_fruit_fields
Lair:5:   layout_hall_layers

Skill      XL: |  1  2  3  4  5  6  7  8  9 10 11 12 13 14 |
---------------+-------------------------------------------+-----
Long Blades    | 3 4 5 6 7 8 9 10 11 | 11.5
Dodging        | 3 4 5 6 |  6.8
Armour         | 1 2 3 4 5 6 7 8 |  8.0
Fighting       | 3 4 5 6 8 10 | 10.7
Shields        | 1 2 4 5 7 8 9 10 | 10.1
Throwing       | 2 3 |  3.5
Stealth        | 1 2 3 4 |  4.1
Evocations     | 2 4 6 7 |  7.3
Spellcasting   | 2 3 |  3.5
Summonings     | 2 3 4 |  4.0
Slings         | 2 3 6 8 |  8.1

Action                   |  1- 3 |  4- 6 |  7- 9 | 10-12 | 13-15 || total
-------------------------+-------+-------+-------+-------+-------++-------
Melee: Long sword        |    53 |   103 |   186 |   576 |   490 ||  1408
       Tailslap          |       |       |    23 |   129 |   142 ||   294
       Hunting sling     |       |       |       |     2 |       ||     2
 Fire: Hunting sling     |       |       |       |    99 |   402 ||   501
Throw: Throwing net      |       |     3 |     3 |       |       ||     6
       Dart              |       |       |     7 |     8 |     8 ||    23
       Stone             |       |       |    15 |     5 |     2 ||    22
       Boomerang         |       |       |       |       |    37 ||    37
 Cast: Call Canine Famil |       |       |       |     1 |     2 ||     3
Invok: Lunge             |       |       |    15 |    21 |    21 ||    57
       Whirlwind         |       |       |     3 |    29 |    12 ||    44
       Serpent's Lash    |       |       |       |    11 |    14 ||    25
 Abil: Wall Jump         |       |       |       |     5 |       ||     5
       Evoke Invisibilit |       |       |       |     2 |     3 ||     5
Evoke: Wand              |       |       |    21 |    50 |     9 ||    80
  Use: Scroll            |       |     9 |     6 |    11 |     4 ||    30
       Potion            |       |       |     3 |     7 |     2 ||    12
 Stab: Held in net/web   |       |       |     1 |       |       ||     1
       Paralysed         |       |       |       |     3 |       ||     3
       Invisible         |       |       |       |     9 |    23 ||    32
       Sleeping          |       |       |       |     1 |     1 ||     2
       Distracted        |       |       |       |     1 |       ||     1
Armor: Leather armour    |    19 |       |       |       |       ||    19
       Scale mail        |       |    17 |       |       |   126 ||   143
       Chain mail        |       |    21 |    24 |       |       ||    45
       Plate armour      |       |       |    78 |    25 |       ||   103
       Skin              |       |       |     3 |    44 |       ||    47
       Ring mail         |       |       |       |   176 |     6 ||   182
Dodge: Dodged            |    37 |    39 |    41 |   269 |   208 ||   594
Block: Other             |     2 |    29 |     8 |       |       ||    39
       Reflection        |       |     2 |    10 |     8 |    29 ||    49
       Kite shield       |       |       |   120 |   666 |   567 ||  1353

Table legend: (Time is in decaauts)
 A = Elapsed time spent in this place.
 B = Non-inter-level travel time spent in this place.
 C = Inter-level travel time spent in this place.
 D = Time resting spent in this place.
 E = Time spent auto-exploring this place.
 F = Levels seen in this place.
 G = Mean time per level.
                   A        B        C        D        E       F      G
               +--------+--------+--------+--------+--------+-----+--------+
         Total |  21901 |  21675 |    226 |   4198 |  11314 |  21 | 1042.9 |
       Dungeon |  15117 |  14904 |    213 |   1816 |   8996 |  15 | 1007.8 |
        Temple |     49 |     49 |      0 |      0 |     21 |   1 |   49.0 |
          Lair |   6733 |   6720 |     13 |   2382 |   2297 |   5 | 1346.6 |
               +--------+--------+--------+--------+--------+-----+--------+

Top non-repeatable levels by time:
  Lair:2: 2213 daAuts
  Lair:3: 1835 daAuts
     D:8: 1730 daAuts
  Lair:4: 1655 daAuts
     D:5: 1586 daAuts
    D:14: 1347 daAuts
     D:9: 1208 daAuts
    D:10: 1124 daAuts
     D:3: 1120 daAuts
     D:4: 975 daAuts
    D:13: 974 daAuts
    D:11: 968 daAuts
     D:6: 952 daAuts
  Lair:1: 890 daAuts
     D:2: 824 daAuts
